 Dungeon Crawl Stone Soup version 0.30.0-19-g36f170ea60 (webtiles) character file.

Game seed: 2402350867434546271

71 Graphine the Grave Robber (level 4, -1/35 HPs)
             Began as a Ghoul Necromancer on May 31, 2023.
             Was a Believer of Dithmenos.
             Slain by an orc
             ... wielding a +0 mace
              (4 damage)
             ... on level 3 of the Dungeon.
             The game lasted 00:07:49 (2236 turns).

Graphine the Grave Robber (Ghoul Necromancer)       Turns: 2236, Time: 00:07:50

Health: -1/35      AC:  5    Str: 11    XL:     4   Next: 24%
Magic:  1/6        EV: 12    Int: 15    God:    Dithmenos [**....]
Gold:   172        SH:  0    Dex:  9    Spells: 3/7 levels left

rFire   . . .        i - +6 whip "Meillunu" {freeze, rPois Int+3}
rCold   + . .        (no shield)
rNeg    + + +        a - +0 robe
rPois   ∞            (no helmet)
rElec   .            g - +2 cloak {rCorr}
rCorr   +            (no gloves)
SInv    .            (no boots)
Will    .....        (no amulet)
Stlth   ++           (no ring)
HPRegen 0.00/turn    (no ring)
MPRegen 0.10/turn

%: no passive effects
@: inhibited regen, wreathed by umbra
A: claws 1, cold resistance 1, negative energy resistance 3, inhibited
regeneration, torment resistance 2, devour on kill
a: Renounce Religion, Shadow Step


You were on level 3 of the Dungeon.
You worshipped Dithmenos.
Dithmenos was pleased with you.
You visited 1 branch of the dungeon, and saw 3 of its levels.

You collected 172 gold pieces.

Inventory:

Hand Weapons
 i - the +6 whip "Meillunu" (weapon) {freeze, rPois Int+3}
   (You found it on level 3 of the Dungeon)

   Int:       It affects your intelligence (+3).
   rPois:     It protects you from poison.
Armour
 a - a +0 robe (worn)
 g - a +2 cloak of preservation (worn)
Scrolls
 d - a scroll of amnesia {unknown}
 f - a scroll of blinking
 h - 4 scrolls of identify
Potions
 b - a potion of magic
 c - 2 potions of mutation
 e - a potion of brilliance
 j - a potion of resistance {unknown}


   Skills:
 * Level 1.6 Fighting
 - Level 1.7 Dodging
 - Level 2.1 Stealth
 * Level 1.7 Unarmed Combat
 * Level 2.2 Spellcasting
 * Level 4.3 Necromancy
 * Level 1.2 Ice Magic


You had 3 spell levels left.
You knew the following spells:

 Your Spells              Type           Power      Damage    Failure   Level
a - Necrotise             Necr           56%        1d6       3%          1
b - Vampiric Draining     Necr           14%        2d7       11%         3

Your spell library contained the following spells:

 Spells                   Type           Power      Damage    Failure   Level
 Freeze                   Ice            20%        1d4       13%         1
 Lesser Beckoning         Tloc           2%         N/A       32%         2
 Frozen Ramparts          Ice            10%        1d2       36%         3
 Hailstorm                Conj/Ice       3%         3d3       45%         3
 Gell's Gravitas          Tloc           1%         N/A       54%         3
 Inner Flame              Hex/Fire       1%         N/A       54%         3
 Summon Guardian Golem    Hex/Summ       1%         N/A       54%         3
 Teleport Other           Tloc           1%         N/A       54%         3
 Vhi's Electric Charge    Tloc/Air       2%         N/A       54%         3
 Animate Dead             Necr           14%        N/A       34%         4
 Agony                    Necr           14%        N/A       69%         5
 Arcjolt                  Conj/Air       0%         1d10      99%         5
 Yara's Violent Unravell  Hex/Tmut       0%         3d3       99%         5
 Enfeeble                 Hex            0%         N/A       100%        7
 Orb of Destruction       Conj           0%         9d5       100%        7
 Spellforged Servitor     Conj/Summ      0%         N/A       100%        7
 Maxwell's Capacitive Co  Air            0%         ∞         100%        8


Dungeon Overview and Level Annotations

Branches:
Dungeon (3/15)

Altars:
Dithmenos
Okawaru


Innate Abilities, Weirdness & Mutations

You are immune to poison.
You have sharp fingernails.
Your flesh is cold resistant. (rC+)
You are immune to negative energy. (rN+++)
You do not regenerate when monsters are visible.
You are immune to unholy pain and torment.
You thrive by killing the living.


Message History

Your orc skeleton closely misses the orc.
Hit: i) +6 whip "Meillunu" {freeze, rPois Int+3}
Press: ? - help, Dir - move target, f/p - orc
Aim: an orc, wielding a +0 whip and wearing a +0 ring mail (almost dead, ally target, umbra, about 35% to evade the +6 whip "Meillunu")
You closely miss the orc.
The orc is almost dead.
The orc hits you but does no damage. The orc closely misses you.
Your orc skeleton barely misses the orc.
Your orc skeleton hits the orc but does no damage.
Hit: i) +6 whip "Meillunu" {freeze, rPois Int+3}
Press: ? - help, Dir - move target, f/p - orc
Aim: an orc, wielding a +0 whip and wearing a +0 ring mail (almost dead, not watching you, ally target, umbra, about 35% to evade the +6 whip "Meillunu")
You hit the orc but do no damage.
The orc is almost dead.
The orc hits you with a +0 mace.
* * * LOW HITPOINT WARNING * * *
The orc hits you with a +0 whip.
* * * LOW HITPOINT WARNING * * *
Your orc skeleton hits the orc but does no damage.
Your orc skeleton barely misses the orc.
You are too injured to fight recklessly!
Casting: Vampiric Draining (quite dangerous; 11% risk of failure)
Confirm with . or Enter, or press ? or * to list all spells.
Aiming: Necrotise (safe; 3% risk of failure)
Press: ? - help, Shift-Dir - straight line, f/p - orc
Aim: an orc, wielding a +0 whip and wearing a +0 ring mail (almost dead, not watching you, ally target, umbra, chance to affect: 84%)
The orc writhes in agony.
You kill the orc!
Dithmenos accepts your kill.
The dead are walking!
The orc closely misses you.
Hit: i) +6 whip "Meillunu" {freeze, rPois Int+3}
Press: ? - help, Dir - move target, f - orc
Aim: an orc, wielding a +0 mace (ally target, umbra, about 38% to evade the +6 whip "Meillunu")
You hit the orc. You freeze the orc.
The orc is severely wounded.
The orc hits you with a +0 mace.
* * * LOW HITPOINT WARNING * * *
Your orc skeleton barely misses the orc.
The orc hits you with a +0 mace.
You die...

#........#
######.#####.#########
...........#.........# #
.####................ ..
..#..............# .##
..#.##...........###....
......#..#...###........
####.......#.# #..Z.....
# ##.#######.# #@ZZ.....
# #.......##.# #)o......
###.....#.##.# #........
..........##.# #........
###.###.#....# #........
#........### #........
####.##...# #........
#.###..# #........
#...#..#


You could see an orc (ally target) and 3 friendly orc skeletons.

Vanquished Creatures
  A worm (D:2)
  A dart slug (D:2)
  7 orcs
  3 endoplasms
  8 goblins
  6 hobgoblins
  3 quokkas
  2 ball pythons
  5 bats
  2 frilled lizards
  8 kobolds
  6 rats
52 creatures vanquished.

Vanquished Creatures (collateral kills)
  An endoplasm (D:1)
1 creature vanquished.

Grand Total: 53 creatures vanquished

Notes
Turn   | Place    | Note
-------+----------+-------------------------------------------
     0 | D:1      | Graphine the Ghoul Necromancer began the quest for the Orb.
     0 | D:1      | Reached XP level 1. HP: 14/14 MP: 2/2
   140 | D:1      | Found a faded altar of an unknown god.
   183 | D:1      | Reached XP level 2. HP: 19/22 MP: 3/3
   223 | D:1      | Prayed at the altar of an unknown god.
   223 | D:1      | Became a worshipper of Dithmenos the Shadowed
   223 | D:1      | Reached * piety under Dithmenos
   510 | D:1      | Reached skill level 1 in Fighting
   515 | D:1      | Reached skill level 1 in Unarmed Combat
   740 | D:1      | Reached XP level 3. HP: 28/28 MP: 3/5
  1069 | D:2      | Learned a level 3 spell: Vampiric Draining
  1450 | D:2      | Reached ** piety under Dithmenos
  1516 | D:2      | Reached skill level 1 in Ice Magic
  2011 | D:3      | Reached XP level 4. HP: 35/35 MP: 6/6
  2036 | D:3      | Found an iron altar of Okawaru.
  2096 | D:3      | Identified the +6 whip "Meillunu" {freeze, rPois Int+3}
  2236 | D:3      | Slain by an orc

Illustrated notes

Levels and vault maps discovered:
D:1:      zaba_arrival_water, layout_loops_ring,
          ebering_ecumenical_altar_abandoned, minmay_surrounded
D:2:      layout_rooms, serial_forest, infiniplex_forest_lined_room_2,
          infiniplex_forest_clump_curved, infiniplex_forest_straight_2,
          infiniplex_forest_clump_diagonal, infiniplex_forest_corner_1,
          infiniplex_forest_lined_1, infiniplex_forest_zigzag_1,
          dk_noncrumbling_4, minivault_23, guppyfry_early_orc_mine
D:3:      minmay_razor_zed, layout_basic, kennysheep_okawaru_gauntlet,
          uniq_robin

Skill      XL: |  1  2  3 |
---------------+----------+-----
Spellcasting   | 2 |  2.2
Fighting       | 1 |  1.6
Unarmed Combat | 1 |  1.7
Ice Magic      | 1 |  1.2
Dodging        | |  1.7
Stealth        | |  2.1
Necromancy     | |  4.3

Action                     |  1- 3 |  4- 6 || total
---------------------------+-------+-------++-------
  Melee: Unarmed           |    91 |     3 ||    94
         Punch             |     2 |     1 ||     3
         Whip              |       |    17 ||    17
   Cast: Necrotise         |    45 |     7 ||    52
         Vampiric Draining |       |     1 ||     1
    Use: Scroll            |     4 |       ||     4
   Stab: Sleeping          |     5 |       ||     5
 Armour: Robe              |    26 |     6 ||    32
  Dodge: Dodged            |    70 |    29 ||    99
